[Event "*** Titled Tuesday 3|2 Blitz"]
[Site "Chess.com"]
[Date "2016.08.02"]
[Round "3"]
[White "HansCoolNiemann"]
[Black "josiwales"]
[Result "0-1"]
[WhiteElo "2298"]
[BlackElo "2169"]
[TimeControl "180+2"]
[EndTime "11:40:37 PDT"]
[Termination "josiwales won by checkmate"]

1. b3 e5 2. Bb2 Nc6 3. e3 d6 4. Nf3 g6 5. c4 Bg7 6. Be2 Nge7 7. O-O O-O 8. d4 e4 9. Nfd2 f5 10. Nc3 Kh8 11. f4 a6 12. a3 b6 13. b4 Bb7 14.
Nb3 a5 15. b5 Nb8 16. a4 d5 17. c5 c6 18. cxb6 Qxb6 19. Ba3 Re8 20. Rb1 Nd7 21. Nc5 Nxc5 22. Bxc5 Qc7 23. Qb3 Rab8 24. Rfc1 Qd7 25. bxc6 Nxc6 26. Nb5 Ba6 27. Qc3 Rec8 28. Qd2 h6 29.
Nd6 Bxe2 30. Nxc8 Rxb1 31. Rxb1 Bd3 32. Nb6 Qd8 33. Rb3 g5 34. Rxd3 exd3 35. Qxd3 gxf4 36.
exf4 Qe8 37. Kf2 Qh5 38. h3 Qh4+ 39. Qg3 Qf6 40. Nd7 Qe6 41. Ne5 Nxe5 42. fxe5 Qc6 43. Qb3 Bxe5 44. Qe3 Bg7 45. Qf3 Qxa4 46. Qxd5 Qc2+ 47.
Kg3 Qd3+ 48. Kh2 Qf1 49. Qd6 a4 50. Qg3 Qe2 51. Qf4 Qe4 52. Kg3 Qd3+ 53. Qf3 f4+ 54.
Kxf4 Qg6 55. Qg4 Qf6+ 56. Qf5 Qh4+ 57. g4 Qf2+ 58. Ke4 Qc2+ 59. Kd5 Qb3+ 60. Kc6 a3 61. Qc8+ Kh7 62. Qf5+ Kh8 63. Qc8+ Kh7 64. Qa6 Qe6+ 65. Bd6 Qe4+ 66. d5 Qc2+ 67. Bc5 a2 68. d6 a1=Q 69. Qxa1 Bxa1 70. d7 Bf6 71. Kd6 Bd8 72. Bd4 Qg6+ 73. Kd5 Qf7+ 74. Kd6 Qe7+ 75. Kc6 Qe6+ 76. Kc5 Qxd7 77.
Be5 Be7+ 78. Kc4 Qe6+ 79. Kd4 Bf6 80. Bxf6 Qxf6+ 81. Ke4 Qh4 82. Kf4 Qxh3 83. g5 Qh4+ 84. Kf5 Qxg5+ 85. Ke4 h5 86. Kf3 h4 87. Kf2 h3 88.
Kf3 h2 89. Kf2 h1=Q 90. Ke2 Qhg2+ 91. Kd3 Q5d5+ 92. Ke3 Qgf3# 0-1

[Event "*** Titled Tuesday 3|2 Blitz"]
[Site "Chess.com"]
[Date "2016.08.02"]
[Round "3"]
[White "ShimanovAlex"]
[Black "DrHolmes13"]
[Result "1-0"]
[WhiteElo "2573"]
[BlackElo "2403"]
[TimeControl "180+2"]
[EndTime "11:40:38 PDT"]
[Termination "ShimanovAlex won by resignation"]

1. d4 Nf6 2. Nf3 e6 3. Bf4 b6 4.
e3 Bb7 5. Nbd2 Nh5 6. Bg5 Be7 7. Bxe7 Qxe7 8. Bd3 O-O 9. O-O d6 10. Re1 Nd7 11. Bf1 c5 12. a4 a6 13. Nc4 Nhf6 14. c3 d5 15. Nce5 Nxe5 16. Nxe5 Nd7 17. Nxd7 Qxd7 18.
a5 cxd4 19. exd4 b5 20. Re3 Rab8 21. Qd2 Qd6 22. Rh3 Ba8 23. Bd3 f5 24. Re1 Rf6 25. Rhe3 Rh6 26. Re5 Rc8 27. g3 Bc6 28. Qf4 Rd8 29. h4 Rg6 30. Be2 Rf6 31. Bf3 Bd7 32.
Qd2 Qc7 33. Ra1 Qd6 34. Be2 Rc8 35. Bd3 Rb8 36. f3 Rg6 37. Kf2 Rf6 38. Qc2 Kh8 39. Qb3 Rbf8 40. Rc1 Rc8 41. Rc2 Rc7 42. Ree2 Rf8 43. Qb4 Rc6 44. Qxd6 Rxd6 45. Ke3 Kg8 46. Kf4 Kf7 47. g4 fxg4 48. fxg4 Ke7+ 49. Kg3 Rc6 50. Rf2 g6 51. Rxf8 Kxf8 52. Kf4 Rc8 53. Ke5 Ke7 54. Rf2 Rb8 55. Rf3 b4 56. Bxa6 bxc3 57.
bxc3 Ra8 58. Bd3 Rxa5 59. h5 Be8 60. hxg6 hxg6 61. Rf6 Bf7 62. Bxg6 Bxg6 63. Rxg6 Ra6 64.
Rg7+ Kf8 65. Rc7 Rb6 66. g5 Kg8 67. g6 Ra6 68. Kf6 Ra8 69. Kxe6 Rd8 70. Kf6 Rd6+ 71.
Ke5 Rxg6 72. Kxd5 Kf8 73. c4 Ke8 74. Kc5 Kd8 75. Rh7 Rf6 76. d5 Kc8 77. d6 Rf4 78.
Kd5 Rg4 79. c5 Rg8 80. Kc6 Rd8 81. Ra7 Kb8 82. Rb7+ Ka8 83. Rb2 Rc8+ 84. Kd5 Rd8 85. c6 Ka7 86. c7 Rc8 87. Kc6 1-0

[Event "*** Titled Tuesday 3|2 Blitz"]
[Site "Chess.com"]
[Date "2016.08.02"]
[Round "3"]
[White "Chesstrainer1"]
[Black "Dr-Bassem"]
[Result "0-1"]
[WhiteElo "2427"]
[BlackElo "2630"]
[TimeControl "180+2"]
[EndTime "11:40:52 PDT"]
[Termination "Dr-Bassem won by resignation"]

1. Nf3 f5 2. d3 Nc6 3. d4 Nf6 4. d5 Nb8 5. c4 g6 6. Nc3 Bg7 7. g3 O-O 8. Bg2 Qe8 9. O-O e5 10.
dxe6 dxe6 11. Bf4 Na6 12. Be5 Bd7 13. a3 Rd8 14. Qc2 Bc8 15. b4 Nd7 16. Bxg7 Kxg7 17. Nb5 e5 18. Nxa7 e4 19. Qc3+ Kg8 20. Nd2 Qe5 21.
Rfc1 Qxc3 22. Rxc3 Ne5 23. Nb3 Be6 24. b5 Nb8 25.
Rac1 Nbd7 26. f4 exf3 27. exf3 Ra8 28. b6 Nxb6 29. Nb5 Bxc4 30. N3d4 Bxb5 31. Nxb5 c6 32. Nd6 Nd5 33. Rb3 f4 34. Re1 Nd7 35. Nxb7 Rfb8 36. Bh3 Nf8 37. Reb1 Ra7 38. Nc5 Rba8 39. Rb8 Rxb8 40.
Rxb8 Kg7 41. Rb3 Kf6 42. Nd3 g5 43. gxf4 gxf4 44. Kf2 Ng6 45. Nc5 Ne5 46. Ne4+ Ke7 47. Ke2 Nc4 48. Bf5 h6 49. a4 Ncb6 50. Nc5 Nxa4 51.
Nxa4 Rxa4 52. h4 Kd6 53. Be4 Ke5 54. Kd3 Nb4+ 55. Kc3 Nd5+ 56. Kd3 Ra1 57. Rb8 Rd1+ 58. Kc2 Rh1 59. Re8+ Kd4 60. Bxd5 cxd5 61. Rf8 Rh2+ 62.
Kd1 Ke3 63. Re8+ Kxf3 64. Re5 d4 65. h5 d3 66. Rd5 Ke4 67. Rd6 f3 68. Re6+ Kd5 69.
Rxh6 f2 0-1

[Event "*** Titled Tuesday 3|2 Blitz"]
[Site "Chess.com"]
[Date "2016.08.02"]
[Round "3"]
[White "Zlatan56"]
[Black "ruifeng"]
[Result "1-0"]
[WhiteElo "2596"]
[BlackElo "2323"]
[TimeControl "180+2"]
[EndTime "11:41:12 PDT"]
[Termination "Zlatan56 won by resignation"]

1. Nf3 g6 2. g3 Bg7 3. Bg2 e5 4. O-O Ne7 5. d4 exd4 6. Nxd4 Nbc6 7. Nxc6 Nxc6 8. Nc3 O-O 9. Nd5 d6 10. c3 Ne5 11. h3 c6 12. Nf4 d5 13. b3 Bf5 14.
Be3 Qe7 15. Bd4 Rfd8 16. Rc1 Be4 17. Bxe4 dxe4 18. Qc2 c5 19. Bxe5 Qxe5 20. Rcd1 h5 21. e3 h4 22. g4 Bh6 23. Ng2 Bg5 24. c4 Kg7 25. Qb1 Kh6 26. Rxd8 Rxd8 27. Rd1 Rxd1+ 28. Qxd1 Qe6 29. Nf4 Bxf4 30. exf4 Kg7 31. Qd2 Qf6 32. Kg2 Qd4 33. Qe2 Kf8 34. f5 gxf5 35. gxf5 Qe5 36. Qh5 Ke8 37. Qxh4 Qxf5 38. Qg4 Qe5 39. Qc8+ Ke7 40.
Qxb7+ Kf6 41. Qc6+ Kg7 42. Qd5 Qf4 43. Qxc5 Qf3+ 44. Kg1 Qxh3 45. Qd4+ Kf8 46. Qxe4 Qc3 47. Qa8+ Kg7 48. Qxa7 Qe1+ 49. Kg2 Qe4+ 50. Kf1 Qb1+ 51. Ke2 Qc2+ 52. Ke3 Qc3+ 53. Ke4 Qc2+ 54. Kd5 Qf5+ 55.
Kc6 Qe6+ 56. Kb5 Qe5+ 57. c5 Qe2+ 58. Kb6 Qxf2 59. b4 Qd4 60. Qa3 f5 61. Qg3+ Kf7 62.
Qc7+ Kg8 63. Qc8+ Kg7 64. Qxf5 Qxb4+ 65. Kc6 Qa4+ 66. Kd6 Qxa2 67. Qe5+ Kh7 68. Qe7+ Kh8 69. Qf6+ Kh7 70. Qf5+ Kh8 71. c6 Qa3+ 72. Qc5 Qd3+ 73.
Qd5 Qa3+ 74. Kd7 Qa4 75. Qe5+ Kg8 76. Kd6 Qb4+ 77. Kd7 Qa4 78. Qg5+ Kh8 79. Qf6+ Kg8 80. Kd8 Qa8+ 81. Ke7 Qa7+ 82. Kd6 Qa3+ 83. Kd7 Qa4 84. Qe6+ Kh7 85. Qd5 Kh8 86. Kd6 Qb4+ 87. Qc5 Qd2+ 88. Ke6 Qe2+ 89. Qe5+ Qxe5+ 90. Kxe5 1-0

[Event "*** Titled Tuesday 3|2 Blitz"]
[Site "Chess.com"]
[Date "2016.08.02"]
[Round "4"]
[White "Zhani-Z"]
[Black "calemcc"]
[Result "1-0"]
[WhiteElo "2304"]
[BlackElo "2129"]
[TimeControl "180+2"]
[EndTime "11:45:26 PDT"]
[Termination "Zhani-Z won by resignation"]

1. e4 e6 2. Nf3 d5 3. e5 c5 4. b4 c4 5. c3 Qc7 6. d4 cxd3 7. Bxd3 Nc6 8. Bf4 Nge7 9. Bg3 Ng6 10.
Qe2 Be7 11. Nbd2 a6 12. h4 Nf8 13. Nb3 Nxb4 14. cxb4 Qc3+ 15. Kf1 Qxa1+ 16. Nxa1 1-0

[Event "*** Titled Tuesday 3|2 Blitz"]
[Site "Chess.com"]
[Date "2016.08.02"]
[Round "4"]
[White "rithwik2002"]
[Black "DanielNaroditsky"]
[Result "0-1"]
[WhiteElo "1917"]
[BlackElo "2660"]
[TimeControl "180+2"]
[EndTime "11:45:34 PDT"]
[Termination "DanielNaroditsky won by resignation"]

1. d4 g6 2. c4 Bg7 3. Nf3 d6 4. Nc3 Bg4 5. e4 Nc6 6. Be3 Bxf3 7. gxf3 e5 8. d5 Nd4 9. f4 c5 10. fxe5 dxe5 11. Bh3 Qh4 12. Qa4+ Kf8 13. Bf1 Nf6 14.
O-O-O Bh6 15. Bd3 Ng4 16. Bxh6+ Qxh6+ 17. Kb1 Nxf2 18. Qd7 Nxh1 19. Rf1 Qg7 20. Qxb7 Re8 21. Qxa7 f5 22. exf5 Qxa7 0-1

[Event "*** Titled Tuesday 3|2 Blitz"]
[Site "Chess.com"]
[Date "2016.08.02"]
[Round "4"]
[White "Newlight1"]
[Black "SabinoBrunello"]
[Result "1-0"]
[WhiteElo "2405"]
[BlackElo "2569"]
[TimeControl "180+2"]
[EndTime "11:46:04 PDT"]
[Termination "Newlight1 won by resignation"]

1. e4 c5 2. b4 b6 3. bxc5 bxc5 4. Nc3 Nc6 5. Bb5 Bb7 6. Nf3 Rb8 7. O-O g6 8. Rb1 Bg7 9. Ba3 Nd4 10. Bxc5 Nxb5 11.
Rxb5 a6 12. Rb3 d6 13. Qb1 dxc5 14. Rxb7 Rxb7 15. Qxb7 Nf6 16. e5 Ng4 17. e6 O-O 18. exf7+ Rxf7 19. Ng5 Rf5 20. Qb3+ Kh8 21. Nf7+ Rxf7 22.
Qxf7 Ne5 23. Qd5 Qb8 24. Rb1 Qf8 25. Qxc5 h6 26. Nd5 Kh7 27. Qxe7 1-0

[Event "*** Titled Tuesday 3|2 Blitz"]
[Site "Chess.com"]
[Date "2016.08.02"]
[Round "4"]
[White "josiwales"]
[Black "awb2001"]
[Result "1-0"]
[WhiteElo "2190"]
[BlackElo "2313"]
[TimeControl "180+2"]
[EndTime "11:46:14 PDT"]
[Termination "josiwales won by resignation"]

1. e4 c5 2. Nc3 Nc6 3. g3 g6 4. Bg2 Bg7 5. d3 d6 6. Be3 Bd7 7. Qd2 Nd4 8. Nd1 Qb6 9. c3 Nc6 10. Ne2 O-O-O 11. d4 cxd4 12. cxd4 Qb4 13. Ndc3 Kb8 14. a3 Qa5 15. b4 Nxb4 16. O-O Na6 17.
Rfb1 Nf6 18. e5 b6 19. exf6 Bxf6 20. Qd3 Bf5 21. Be4 Bxe4 22. Qxe4 Nc7 23. Qd3 Rc8 24. Bd2 Qh5 25. Nf4 Qg4 26. h3 Qd7 27. a4 h5 28. a5 Na8 29. axb6 axb6 30. Qa6 Kc7 31. Ncd5+ Kd8 32. Rc1 Rb8 33. Qxa8 1-0

[Event "*** Titled Tuesday 3|2 Blitz"]
[Site "Chess.com"]
[Date "2016.08.02"]
[Round "4"]
[White "fpawn"]
[Black "GrigorGrigorov"]
[Result "0-1"]
[WhiteElo "2219"]
[BlackElo "2493"]
[TimeControl "180+2"]
[EndTime "11:46:15 PDT"]
[Termination "GrigorGrigorov won by resignation"]

1. e4 g6 2. d4 Bg7 3. Nc3 c6 4. Nf3 d6 5. Bd3 Nf6 6. O-O O-O 7. Bg5 Qc7 8. h3 e5 9. dxe5 dxe5 10. Qe2 Nh5 11.
Rfd1 Re8 12. Bc4 b5 13. Bb3 a5 14. a4 b4 15. Nb1 Na6 16. Nbd2 Nc5 17. Be3 Nf4 18.
Bxf4 exf4 19. Qc4 Nxb3 20. Qxb3 Be6 21. Nc4 Rad8 22. Nfd2 Rd7 23. Qa2 Red8 24. b3 Bxa1 25. Qxa1 Bxc4 0-1

[Event "*** Titled Tuesday 3|2 Blitz"]
[Site "Chess.com"]
[Date "2016.08.02"]
[Round "4"]
[White "DeviatkinAndrey"]
[Black "dretch"]
[Result "1-0"]
[WhiteElo "2562"]
[BlackElo "2610"]
[TimeControl "180+2"]
[EndTime "11:46:34 PDT"]
[Termination "DeviatkinAndrey won by resignation"]

1. d4 d5 2. Nf3 Nf6 3. Bf4 c5 4. c3 Nc6 5. e3 Qb6 6. Qb3 c4 7. Qc2 Bf5 8. Qc1 e6 9. h3 Be7 10. Nbd2 O-O 11. b3 cxb3 12. axb3 Rfc8 13. Qb2 Nb4 14.
Rc1 Nd3+ 15. Bxd3 Bxd3 16. Ne5 Ba6 17. c4 dxc4 18. Nexc4 Bxc4 19. Rxc4 Rxc4 20. Nxc4 Bb4+ 21. Ke2 Qb5 22. Rc1 Nd5 23. f3 Nxf4+ 24. exf4 Rd8 25.
Kf2 Rxd4 26. Qxd4 Bc5 27. Ne3 1-0

[Event "*** Titled Tuesday 3|2 Blitz"]
[Site "Chess.com"]
[Date "2016.08.02"]
[Round "4"]
[White "joppie2"]
[Black "lukas_111111"]
[Result "1-0"]
[WhiteElo "2493"]
[BlackElo "2247"]
[TimeControl "180+2"]
[EndTime "11:47:03 PDT"]
[Termination "joppie2 won by resignation"]

1. e4 c5 2. Nf3 d6 3. d4 cxd4 4. Nxd4 Nf6 5. Nc3 a6 6. Be3 e5 7. Nb3 Be7 8. Qd2 O-O 9. O-O-O a5 10. a4 Nc6 11. f4 Ng4 12. g3 Nxe3 13. Qxe3 Be6 14.
Kb1 exf4 15. gxf4 Bxb3 16. cxb3 Bf6 17. Nd5 g6 18. h4 Nb4 19. Bc4 Nxd5 20. Bxd5 Bg7 21.
h5 Qf6 22. Rd2 Rac8 23. hxg6 hxg6 24. f5 gxf5 25. Rg2 Rfe8 26. Rhg1 fxe4 27. Rxg7+ Qxg7 28. Rxg7+ Kxg7 29. Qg5+ Kf8 30. Qf6 Rc7 31. Qxd6+ Rce7 32. Qf6 Kg8 33. Qg6+ Kf8 34. Qh7 1-0

[Event "*** Titled Tuesday 3|2 Blitz"]
[Site "Chess.com"]
[Date "2016.08.02"]
[Round "4"]
[White "sandropozo"]
[Black "Tash_Boy"]
[Result "0-1"]
[WhiteElo "2362"]
[BlackElo "2303"]
[TimeControl "180+2"]
[EndTime "11:47:10 PDT"]
[Termination "Tash_Boy won on time"]

1. d4 Nf6 2. Bg5 Ne4 3. Bf4 c5 4. f3 Nf6 5. d5 d6 6. c4 g6 7. Nc3 Bg7 8. e4 O-O 9. Bd3 e6 10. Nge2 exd5 11. cxd5 a6 12. a4 Nh5 13. Be3 f5 14. O-O f4 15. Bf2 Nd7 16. Rb1 a5 17.
Nb5 Ne5 18. Nec3 b6 19. Be2 g5 20. Na3 Nf6 21. Nc4 Nxc4 22. Bxc4 Nd7 23. Nb5 Ne5 24.
Be2 h5 25. Be1 g4 26. Bc3 g3 27. h3 Qh4 28. Re1 Bxh3 29. Bd3 Bxg2 0-1

[Event "*** Titled Tuesday 3|2 Blitz"]
[Site "Chess.com"]
[Date "2016.08.02"]
[Round "4"]
[White "1stSecond"]
[Black "Usurpov"]
[Result "1-0"]
[WhiteElo "2532"]
[BlackElo "2331"]
[TimeControl "180+2"]
[EndTime "11:47:29 PDT"]
[Termination "1stSecond won by resignation"]

1. d4 Nf6 2. c4 g6 3. Nc3 d5 4. Bg5 Ne4 5. h4 Nxc3 6. bxc3 Bg7 7. h5 c5 8. h6 Bf6 9. Bxf6 exf6 10. dxc5 dxc4 11.
Qxd8+ Kxd8 12. Rh4 Be6 13. Rd1+ Ke7 14. e3 Na6 15. c6 bxc6 16. Bxc4 Nc5 17. Bxe6 Nxe6 18. Ra4 Rhb8 19. Nf3 c5 20. Nd2 Rb7 21. Nc4 Rd8 22. Rxd8 Nxd8 23. Ra6 Rc7 24. g4 Nc6 25. f4 Kd7 26. Ke2 Rb7 27. Kd3 Rb1 28. Na5 Rb6 29.
Nxc6 Kxc6 30. Rxa7 Rb2 31. Rxf7 Rxa2 32. Rxf6+ 1-0

[Event "*** Titled Tuesday 3|2 Blitz"]
[Site "Chess.com"]
[Date "2016.08.02"]
[Round "4"]
[White "Blitzstream"]
[Black "stefanodinn"]
[Result "1-0"]
[WhiteElo "2470"]
[BlackElo "2206"]
[TimeControl "180+2"]
[EndTime "11:47:39 PDT"]
[Termination "Blitzstream won by resignation"]

1. d4 Nf6 2. Bg5 Ne4 3. Bh4 d5 4. f3 Nd6 5. Nd2 c6 6. c3 Bf5 7.
Qb3 Qb6 8. O-O-O Nd7 9. Re1 Qxb3 10. axb3 Bg6 11. e4 e6 12. Bd3 Be7 13. Bxe7 Kxe7 14. Kc2 Rhe8 15. Ne2 Kf8 16. Nf4 a6 17. h4 dxe4 18. fxe4 f6 19. h5 Bf7 20. e5 fxe5 21.
dxe5 Nb5 22. Bxh7 Ke7 23. Nf3 Rf8 24. Ng5 Bg8 25. Ng6+ 1-0

[Event "*** Titled Tuesday 3|2 Blitz"]
[Site "Chess.com"]
[Date "2016.08.02"]
[Round "4"]
[White "Caisachess"]
[Black "Sven_Tica"]
[Result "0-1"]
[WhiteElo "2185"]
[BlackElo "2420"]
[TimeControl "180+2"]
[EndTime "11:47:50 PDT"]
[Termination "Sven_Tica won by resignation"]

1. e4 c5 2. c3 g6 3. d4 cxd4 4. cxd4 d5 5. exd5 Bg7 6. Nc3 Nf6 7. Nf3 O-O 8. Be2 Nbd7 9. Be3 Nb6 10. Ne5 Nbxd5 11.
O-O Be6 12. Qd2 Rc8 13. Rac1 Nxc3 14. bxc3 Qa5 15. Qb2 Nd5 16. Nc4 Qc7 17. Bd2 Nf4 18. Bxf4 Qxf4 19. Ne3 b6 20. Rfd1 Rfd8 21. Ba6 Rc7 22. a4 Bc8 23. Bc4 Bb7 24. Qb3 e6 25.
Rc2 Rdc8 26. Rcd2 Rxc4 27. Nxc4 Bd5 28. Qb4 Rxc4 29. Qb2 Rxa4 30. Rc1 Ra2 0-1

[Event "*** Titled Tuesday 3|2 Blitz"]
[Site "Chess.com"]
[Date "2016.08.02"]
[Round "4"]
[White "VennyIce"]
[Black "LaStreetCmaMaison"]
[Result "0-1"]
[WhiteElo "1884"]
[BlackElo "2497"]
[TimeControl "180+2"]
[EndTime "11:48:04 PDT"]
[Termination "LaStreetCmaMaison won by resignation"]

1. b3 Nf6 2. Bb2 b6 3. e3 Ba6 4.
Bxa6 Nxa6 5. Nf3 e6 6. O-O Be7 7.
c4 O-O 8. Nc3 c5 9. d3 d5 10. Qc2 Nb4 11. Qe2 Qc7 12. a3 Nc6 13. Rac1 Qb7 14. Rfd1 Rfd8 15. h3 a6 16. d4 Na5 17.
Qc2 dxc4 18. bxc4 Nxc4 19. Qb3 Nxb2 20. Qxb2 c4 21. Rb1 b5 22. Ne5 Qc7 23. Rdc1 Bd6 24.
Nf3 Qa5 25. Nd2 Bxa3 26. Qa2 Bb4 27. Qxa5 Bxa5 28. Ra1 Bxc3 29. Rxc3 Nd5 30. Rca3 c3 31. Nb3 Nb4 32. Rc1 c2 33. Nc5 e5 34. Rb3 a5 35. Nb7 Rdc8 36. Nxa5 Na2 0-1

[Event "*** Titled Tuesday 3|2 Blitz"]
[Site "Chess.com"]
[Date "2016.08.02"]
[Round "4"]
[White "diokletian"]
[Black "igorkovalenko"]
[Result "0-1"]
[WhiteElo "2448"]
[BlackElo "2556"]
[TimeControl "180+2"]
[EndTime "11:48:13 PDT"]
[Termination "igorkovalenko won by resignation"]

1. d4 d5 2. c4 e6 3. Nf3 Nf6 4. g3 dxc4 5. Bg2 Bb4+ 6. Bd2 a5 7. O-O O-O 8. Qc2 b6 9. Bg5 h6 10. Bxf6 Qxf6 11. a3 Bd6 12. Qxc4 Ba6 13. Qc2 Nd7 14. Nc3 Rac8 15. Rfd1 Qe7 16. Rac1 f5 17. e3 c5 18. Qb3 c4 19. Qa4 Nf6 20. Ne5 Qe8 21. Qxe8 Rfxe8 22.
a4 Re7 23. Nb5 Bxb5 24. axb5 Bxe5 25. dxe5 Ng4 26. Rd6 Nxe5 27. Rxb6 Rc5 28. Rc3 Rd7 29. Bf1 Rd1 30. Kg2 Kf7 31. b3 cxb3 32. Rxb3 Rcc1 33. Be2 Rg1+ 34. Kh3 Rc2 35. Bh5+ g6 0-1

[Event "*** Titled Tuesday 3|2 Blitz"]
[Site "Chess.com"]
[Date "2016.08.02"]
[Round "4"]
[White "Genghis_K"]
[Black "Chesstrainer1"]
[Result "1-0"]
[WhiteElo "2692"]
[BlackElo "2424"]
[TimeControl "180+2"]
[EndTime "11:48:16 PDT"]
[Termination "Genghis_K won by resignation"]

1. e4 c5 2. Nf3 e6 3. g3 d5 4. exd5 Qxd5 5. Nc3 Qd8 6. Bg2 Nc6 7. O-O Nge7 8. d4 Nxd4 9. Nxd4 cxd4 10. Nb5 Nc6 11. Bf4 e5 12. Re1 Be7 13. Bxe5 Nxe5 14. Rxe5 O-O 15. Qxd4 Bf6 16. Qxd8 Rxd8 17. Rd5 Rxd5 18.
Bxd5 Bd7 19. Nd6 Bc6 20. Bxc6 bxc6 21. c3 Rd8 22. Nc4 h5 23. Kf1 h4 24. Ke2 Re8+ 25. Ne3 Rb8 26. b3 Bxc3 27. Rc1 hxg3 28. Rxc3 gxh2 29. Rc1 Rb5 30. Rh1 Ra5 31. a4 Rh5 32.
Ng4 f5 33. Rxh2 Rg5 34. Ne5 c5 35. Rh8+ 1-0

[Event "*** Titled Tuesday 3|2 Blitz"]
[Site "Chess.com"]
[Date "2016.08.02"]
[Round "4"]
[White "StellarChessPro"]
[Black "jup1978"]
[Result "1-0"]
[WhiteElo "2354"]
[BlackElo "2166"]
[TimeControl "180+2"]
[EndTime "11:48:20 PDT"]
[Termination "StellarChessPro won by resignation"]

1. d4 d5 2. Bf4 c5 3. c3 Nf6 4. Nf3 e6 5. e3 Bd6 6. Bg3 b6 7.
Bb5+ Bd7 8. Qa4 Bxg3 9. hxg3 Bxb5 10. Qxb5+ Qd7 11. Qd3 Nc6 12. Nbd2 h6 13. Ne5 Qd6 14. f4 Nd7 15. O-O-O cxd4 16. exd4 O-O-O 17. Nxf7 Qe7 18. Nxh8 Rxh8 19. Rde1 Nd8 20. Kb1 Rf8 21. Nf3 Nf6 22. Ne5 Qd6 23. Re2 Ne4 24. Rhe1 Nf7 25. c4 Nxe5 26.
fxe5 Qb4 27. cxd5 exd5 28. Rc1+ Kb8 29. a3 Qa4 30. Rec2 Rf7 31. Qe3 Kb7 32. e6 Re7 33. Qf4 Ka6 34. Qb8 Qb5 35. Qc8+ Ka5 36. Ka2 a6 37. Rc7 Ka4 38. Rxe7 1-0

[Event "*** Titled Tuesday 3|2 Blitz"]
[Site "Chess.com"]
[Date "2016.08.02"]
[Round "4"]
[White "Andrejkin"]
[Black "cabalista"]
[Result "0-1"]
[WhiteElo "2214"]
[BlackElo "2348"]
[TimeControl "180+2"]
[EndTime "11:48:24 PDT"]
[Termination "cabalista won by resignation"]

1. e4 e5 2. Nf3 Nc6 3. Bc4 Nf6 4. Ng5 d5 5. exd5 Na5 6. Bb5+ c6 7. dxc6 bxc6 8. Qf3 Be7 9. Bd3 O-O 10. b4 Bxb4 11. Nxh7 Nxh7 12. Bxh7+ Kxh7 13. Qe4+ f5 14. Qxb4 Ba6 15.
Nc3 Rb8 16. Qc5 Rb6 17. Qxa5 Qg5 18. g3 Qg4 19. Qxe5 Rbb8 20. Ba3 Rbe8 21. Be7 Rf7 22. f3 Qxf3 23. Nd5 cxd5 24. d4 Rfxe7 25. Kd2 Rxe5 26.
dxe5 d4 0-1

[Event "*** Titled Tuesday 3|2 Blitz"]
[Site "Chess.com"]
[Date "2016.08.02"]
[Round "4"]
[White "jcibarra"]
[Black "viditchess"]
[Result "1/2-1/2"]
[WhiteElo "2670"]
[BlackElo "2544"]
[TimeControl "180+2"]
[EndTime "11:48:29 PDT"]
[Termination "Game drawn by repetition"]

1. e4 e5 2. Nf3 Nc6 3. Bb5 a6 4. Bxc6 dxc6 5. O-O Qf6 6. d4 exd4 7. Bg5 Qd6 8. Nxd4 Be7 9. Bxe7 Nxe7 10. Nc3 Bd7 11.
Nb3 Qxd1 12. Raxd1 O-O-O 13. Nc5 a5 14. f3 b6 15.
Nxd7 Rxd7 16. Rxd7 Kxd7 17. Rd1+ Ke6 18. Kf2 g5 19. Ke3 f5 20. exf5+ Nxf5+ 21. Kf2 Nd6 22. Re1+ Kf6 23. Ne4+ Nxe4+ 24. Rxe4 Rd8 25. Ke2 c5 26. h4 h6 27. hxg5+ hxg5 28. c3 b5 29. a4 c6 30. b3 c4 31. bxc4 bxa4 32. c5 Rd5 33. Rxa4 Rxc5 34. Kd3 Rd5+ 35. Ke3 Re5+ 36. Kd3 Rd5+ 37. Ke3 Re5+ 38. Kd3 Rd5+ 1/2-1/2

[Event "*** Titled Tuesday 3|2 Blitz"]
[Site "Chess.com"]
[Date "2016.08.02"]
[Round "4"]
[White "Aragon"]
[Black "eltenedor"]
[Result "0-1"]
[WhiteElo "2074"]
[BlackElo "2040"]
[TimeControl "180+2"]
[EndTime "11:48:38 PDT"]
[Termination "eltenedor won by resignation"]

1. e4 d5 2. exd5 Nf6 3. Nf3 Nxd5 4. d4 g6 5. c3 Bg7 6. Be2 O-O 7. O-O Nd7 8. Bg5 h6 9. Bd2 c5 10. Na3 cxd4 11.
Nxd4 e5 12. Nf3 e4 13. Nd4 Ne5 14. Nac2 b6 15. c4 Ne7 16. Bc3 Bb7 17. Re1 a6 18.
Bf1 Rc8 19. b3 b5 20. Ne3 Qd7 21. Rc1 Nd3 22. Bxd3 exd3 23. Qxd3 Rfd8 24. Red1 bxc4 25. bxc4 Nc6 26. Nd5 Ne5 27. Qf3 Nxf3+ 28. Nxf3 Bxd5 29. Bxg7 Kxg7 30. cxd5 Rxc1 31. Rxc1 Qxd5 32. h3 Qxa2 0-1

[Event "*** Titled Tuesday 3|2 Blitz"]
[Site "Chess.com"]
[Date "2016.08.02"]
[Round "4"]
[White "ShimanovAlex"]
[Black "Tesla37"]
[Result "1/2-1/2"]
[WhiteElo "2576"]
[BlackElo "2701"]
[TimeControl "180+2"]
[EndTime "11:48:54 PDT"]
[Termination "Game drawn by repetition"]

1. d4 Nf6 2. Nf3 e6 3. Bf4 d5 4. e3 Bd6 5. Bg3 c5 6. Nbd2 Nc6 7.
c3 O-O 8. Bb5 a6 9. Bxc6 bxc6 10.
Qa4 Rb8 11. Rb1 Bxg3 12. hxg3 Qb6 13. Qa3 cxd4 14. cxd4 a5 15. O-O Qb4 16. Nb3 Ba6 17. Rfc1 Qxa3 18. bxa3 Bd3 19. Ra1 a4 20. Nc5 Bb5 21.
Rab1 Rfc8 22. Rb4 Ra8 23. Ne5 h5 24. f3 g6 25. Ned7 Nxd7 26. Nxd7 Rd8 27. Nc5 Kf8 28. Kf2 Ke7 29. Rh1 Rdb8 30. Rhb1 Rh8 31. Rc1 Ra7 32.
Rh1 f6 33. g4 h4 34. Rh3 g5 35.
g3 hxg3+ 36. Kxg3 Raa8 37. Rxh8 Rxh8 38. Rb1 Kd6 39. Nb7+ Ke7 40. Nc5 e5 41. Re1 Kd6 42. Nb7+ Kc7 43. Nc5 Re8 44. Kf2 Kd6 45. Nb7+ Kc7 46.
Nc5 Rh8 47. Kg3 Kd6 48. Nb7+ Ke7 49. Nc5 Bc4 50. Rb1 Bb5 51. Re1 Kd6 1/2-1/2

[Event "*** Titled Tuesday 3|2 Blitz"]
[Site "Chess.com"]
[Date "2016.08.02"]
[Round "4"]
[White "Ginger_GM"]
[Black "Maitreia"]
[Result "1-0"]
[WhiteElo "2408"]
[BlackElo "2363"]
[TimeControl "180+2"]
[EndTime "11:49:02 PDT"]
[Termination "Ginger_GM won by resignation"]

1. d4 Nf6 2. c4 g6 3. Nc3 Bg7 4. e4 O-O 5. Be2 d6 6. Be3 Nc6 7. d5 Ne5 8. h3 c6 9. f4 Ned7 10. Nf3 Nh5 11. O-O Ng3 12. Re1 Bxc3 13. bxc3 Nxe4 14.
Bd3 Nef6 15. f5 cxd5 16. cxd5 Ne5 17. fxg6 Nxf3+ 18. Qxf3 hxg6 19. Bd4 Re8 20. c4 Bd7 21. Qf4 Kg7 22. g4 Rh8 23. g5 Rxh3 24. gxf6+ exf6 25. Re3 Rxe3 26. Qxe3 Kg8 27. Rf1 Qe8 28. Qh6 Qf8 29.
Qh4 Qg7 30. Bxf6 Qh7 31. Qxh7+ Kxh7 32. Kg2 Bg4 33. Rh1+ Bh5 34. Rxh5+ 1-0

[Event "*** Titled Tuesday 3|2 Blitz"]
[Site "Chess.com"]
[Date "2016.08.02"]
[Round "4"]
[White "the_drake"]
[Black "GremioPrudente"]
[Result "1/2-1/2"]
[WhiteElo "2115"]
[BlackElo "2087"]
[TimeControl "180+2"]
[EndTime "11:49:07 PDT"]
[Termination "Game drawn by agreement"]

1. e4 e6 2. d4 d5 3. Nd2 Nf6 4. e5 Nfd7 5. c3 c5 6. Bd3 Nc6 7. Ne2 Qb6 8. O-O cxd4 9. cxd4 Be7 10.
Nf3 h6 11. a3 a5 12. Rb1 O-O 13. b3 f6 14. Nf4 fxe5 15. Nxe6 e4 16. Nxf8 Nxf8 17.
Bc2 Bg4 18. h3 Bxf3 19. gxf3 Nxd4 20. fxe4 Qg6+ 21. Qg4 Qxg4+ 22. hxg4 Nxc2 23. exd5 Nxa3 24. Bxa3 Bxa3 25. Rfe1 Rd8 26. Red1 Ng6 27. Ra1 Bb4 28. d6 Ne5 29. g5 hxg5 30. Kg2 Kf7 31. Rd5 Ke6 32.
Rb5 Rd7 33. Ra2 Kxd6 34. Re2 Nc6 35. Rxg5 Kc7 36. Rg6 Nd4 37. Re3 Nf5 38. Re4 Rf7 39. Kh3 Nd6 40. Re2 Nb5 1/2-1/2

[Event "*** Titled Tuesday 3|2 Blitz"]
[Site "Chess.com"]
[Date "2016.08.02"]
[Round "4"]
[White "Wolverine_master"]
[Black "AnastasiaProtopopova"]
[Result "0-1"]
[WhiteElo "2001"]
[BlackElo "1988"]
[TimeControl "180+2"]
[EndTime "11:49:08 PDT"]
[Termination "AnastasiaProtopopova won by resignation"]

1. e4 e5 2. Nf3 Nc6 3. d4 exd4 4.
Bc4 Nf6 5. e5 d5 6. Bb5 Ne4 7.
Nxd4 Bd7 8. Bxc6 bxc6 9. O-O Bc5 10. Be3 Qb8 11. Nd2 Nxd2 12. Qxd2 O-O 13. f4 Qxb2 14.
f5 Rae8 15. Rab1 Qxa2 16. f6 Rxe5 17. Bh6 Re4 18. Qg5 Bxd4+ 19. Kh1 Rg4 20. Qh5 Qxc2 21.
Rg1 Bxg1 22. Rxg1 gxh6 23. Qxh6 Qg6 24. Qe3 Re8 25. Qxa7 d4 26. Qxc7 Rxg2 27. Rxg2 Re1+ 0-1